 Dungeon Crawl Stone Soup version 0.28.0-43-g3370ac3207 (webtiles) character file.

Game seed: 14132937718556205641

3217 issech the Basher (level 9, -16/80 HPs)
             Began as a Troll Monk on Mar 24, 2022.
             Was an Elder of Hepliaklqana.
             Killed from afar by an ice statue (28 damage)
             ... with a freezing blast
             ... on level 8 of the Dungeon.
             The game lasted 00:22:50 (7133 turns).

issech the Basher (Troll Monk)                      Turns: 7133, Time: 00:22:51

Health: -16/80     AC:  5    Str: 21    XL:     9   Next: 65%
Magic:  17/17      EV: 12    Int:  6    God:    Hepliaklqana [****..]
Gold:   189        SH:  0    Dex: 16    Spells: 8/8 levels left

rFire   . . .      SeeInvis +   r - +0 giant spiked club
rCold   . . .      Faith    .   (shield currently unavailable)
rNeg    . . .      Spirit   .   u - +1 robe {Will+}
rPois   .          Reflect  .   (helmet restricted)
rElec   .          Harm     .   (no cloak)
rCorr   .          Rampage  .   (gloves unavailable)
Will    +....                   (boots unavailable)
Stlth   ++........              L - amulet of regeneration
HPRegen 1.83/turn               t - ring of magical power
MPRegen 0.15/turn               I - ring of see invisible

@: no status effects
A: reduced essence, large, unfitting armour, claws 3, regeneration 1, shaggy fur
1, tough skin 1
a: Renounce Religion, Recall Ancestor, Ancestor Identity, Transference, Idealise


You were on level 8 of the Dungeon.
You worshipped Hepliaklqana.
Hepliaklqana was greatly pleased with you.
You visited 2 branches of the dungeon, and saw 9 of its levels.

You collected 211 gold pieces.
You spent 22 gold pieces at shops.

Inventory:

Hand Weapons
 r - a +0 giant spiked club (weapon)
 x - a +0 morningstar
 y - a +3 long sword
 E - a +2 vampiric hand axe
 G - a +1 vampiric scythe
 H - a +1 scimitar of freezing
 K - a +1 hunting sling of freezing
 N - a +5 great sword
 T - a +0 vorpal hand axe
Missiles
 c - 64 bolts
 d - 254 stones (quivered)
 l - 140 arrows
 s - 65 sling bullets
 J - a large rock
 O - 5 boomerangs
 R - a boomerang of dispersal
Armour
 u - a +1 robe of willpower (worn)
Magical Staves
 f - a staff of death
 F - a staff of cold
Jewellery
 m - an amulet of faith
 t - a ring of magical power (left claw)
 I - a ring of see invisible (right claw)
 L - an amulet of regeneration (around neck)
Wands
 v - a wand of polymorph (8)
 D - a wand of charming (8)
 Q - a wand of acid (12)
Scrolls
 a - a scroll of immolation
 g - 2 scrolls of enchant weapon
 h - a scroll of noise
 i - 5 scrolls of magic mapping
 j - 2 scrolls of teleportation
 n - 4 scrolls of enchant armour {unknown}
 p - 2 scrolls of fear {unknown}
 q - 2 scrolls of acquirement {unknown}
 w - a scroll of fog {unknown}
 B - a scroll of torment {unknown}
 M - a scroll of holy word {unknown}
Potions
 b - a potion of haste {unknown}
 e - a potion of flight {unknown}
 k - 3 potions of curing {unknown}
 o - a potion of cancellation {unknown}
 z - 2 potions of lignification {unknown}
 A - a potion of mutation {unknown}
 C - a potion of experience {unknown}
 P - a potion of brilliance {unknown}
 S - a potion of might {unknown}


   Skills:
 + Level 5.7 Fighting
 + Level 9.8 Maces & Flails
 + Level 0.2 Throwing
 + Level 5.2 Dodging
 + Level 2.3 Stealth


You had 8 spell levels left.
You didn't know any spells.
Your spell library contained the following spells:

 Spells                   Type           Power      Damage    Failure   Level
 Slow                     Hex            0%         N/A       45%         1
 Confusing Touch          Hex            0%         N/A       83%         3
 Inner Flame              Hex/Fire       0%         N/A       83%         3
 Vampiric Draining        Necr           0%         2d6       83%         3
 Cause Fear               Hex            0%         N/A       99%         4
 Discord                  Hex            0%         N/A       100%        8


Dungeon Overview and Level Annotations

Branches:
Dungeon (8/15)             Temple (1/1) D:4
   Lair: D:8-11

Altars:
Cheibriados
Dithmenos
Elyvilon
Fedhas
Gozag
Hepliaklqana
Kikubaaqudgha
Makhleb
Nemelex Xobeh
Okawaru
Qazlal
Ru
Sif Muna
Trog
Uskayaw
Vehumet
Wu Jian
Xom
Yredelemnul
Zin
The Shining One

Shops:
D:5 **

Annotations:
D:8 exclusion: ice statue


Innate Abilities, Weirdness & Mutations

Your life essence is reduced to manifest your ancestor. (-10% HP)
You are too large for most types of armour.
You have claws for hands.
Your natural rate of healing is unusually fast.
You are covered in fur. (AC +1)
You have tough skin. (AC +1)


Message History

The ice beast hits Titus but does no damage.
The ice statue gestures.
Titus is engulfed in freezing vapours.
Titus hits the ice beast with a +0 quarterstaff.
The ice beast hits Titus but does no damage.
Titus is engulfed in freezing vapours.
Titus hits the ice beast with a +0 quarterstaff!
The ice beast hits Titus but does no damage.
Titus hits the ice beast with a +0 quarterstaff!
The ice beast dies!
The ice beast disappears in a puff of smoke!
Titus casts a spell at the ice beast.
The stone arrow hits the ice beast!
The ice beast hits Titus but does no damage.
Titus barely misses the ice beast.
The ice beast hits Titus.
The ice beast freezes Titus.
Titus resists.
Titus hits the ice beast with a +0 quarterstaff.
The ice beast hits Titus.
The ice beast freezes Titus.
Titus resists.
Titus closely misses the ice beast.
The ice beast closely misses Titus.
Titus gestures at the ice beast while chanting.
The stone arrow hits the ice beast!
The ice beast closely misses Titus.
Titus casts a spell at the ice beast.
The stone arrow hits the ice beast!
The ice beast dies!
The ice beast disappears in a puff of smoke!
You swap places.
Really walk into a travel-excluded area?
The ice statue gestures at you. The freezing blast engulfs you!!
You are engulfed in freezing vapours.
The ice statue gestures at you. The shard of ice hits you!!
* * * LOW HITPOINT WARNING * * *
You see here a large rock.
J - a large rock The ice statue gestures at you.
The freezing blast engulfs you!!
You die...

##..###### # #.....# #
#...#.######.# #####
#............# #...'
##..#############################
.#...........................## #
.#...............○○R..........###
)#.#########....○☼☼☼.########....
.#.# ###..@○○###....)...... .#.#
##.☼☼##.^.######.### .#.####
#...#..#.# #.# ......# ##(##..#.#
#.# .##.#.##########[#...#.# #.#
...............#8#.#.#.######.#
.##.#......###.###.#........#.#
.......................####.#.###
......######.....................


You could see the friendly Titus the battlemage and an ice statue (ally target).

Vanquished Creatures
  Prince Ribbit (D:6)
  A black bear (D:7)
  An orc warrior (D:8)
  3 ogres
  2 centaurs
  2 scorpions (D:5)
  3 killer bees (D:7)
  5 wights
  A howler monkey (D:7)
  An orc priest (D:7)
  3 hounds
  3 iguanas
  3 gnolls
  2 adders (D:2)
  A worm (D:2)
  A dart slug (D:4)
  14 orcs
  3 bat zombies (D:7)
  5 endoplasms
  3 giant cockroaches
  7 goblins
  7 hobgoblins
  6 kobolds
  3 quokkas
  11 ball pythons
  6 bats
  3 frilled lizards
  6 rats
107 creatures vanquished.

Vanquished Creatures (collateral kills)
  Sigmund (D:6)
  Eustachio (D:5)
  A water moccasin (D:7)
  A sky beast (D:6)
  An ogre (D:5)
  A gnoll sergeant (D:6)
  3 scorpions
  6 wights
  A killer bee (D:7)
  2 howler monkeys (D:7)
  A jelly (D:7)
  A centaur zombie (D:5)
  3 hounds (D:5)
  2 orc priests (D:8)
  2 iguanas
  2 orc wizards
  A howler monkey skeleton (D:4)
  5 gnolls (D:6)
  2 adders
  4 orcs
  A ball python (D:4)
  6 goblins (D:6)
  A quokka (D:4)
49 creatures vanquished.

Vanquished Creatures (others)
  2 battlemagi
2 creatures vanquished.

Grand Total: 158 creatures vanquished

Notes
Turn   | Place    | Note
-------+----------+-------------------------------------------
     0 | D:1      | issech the Troll Monk began the quest for the Orb.
     0 | D:1      | Reached XP level 1. HP: 22/22 MP: 0/0
    72 | D:1      | Reached skill level 3 in Maces & Flails
   113 | D:1      | Reached XP level 2. HP: 29/29 MP: 1/1
   135 | D:1      | Found a faded altar of an unknown god.
   342 | D:1      | Reached XP level 3. HP: 33/36 MP: 2/2
   993 | D:2      | Reached XP level 4. HP: 25/44 MP: 3/3
  1244 | D:2      | Found a sparkling altar of Nemelex Xobeh.
  1574 | D:3      | Found a stormy altar of Qazlal.
  1919 | D:4      | Noticed an ogre
  2015 | D:4      | Killed an ogre
  2016 | D:4      | Reached skill level 4 in Maces & Flails
  2016 | D:4      | Reached XP level 5. HP: 36/53 MP: 4/4
  2401 | D:4      | Found a staircase to the Ecumenical Temple.
  2434 | Temple   | Entered the Ecumenical Temple
  2697 | Temple   | Became a worshipper of Hepliaklqana the Forgotten
  2697 | Temple   | Reached * piety under Hepliaklqana
  2697 | Temple   | Reached ** piety under Hepliaklqana
  2698 | Temple   | Remembered your ancestor Titus as a battlemage
  2875 | D:4      | Reached XP level 6. HP: 51/54 MP: 5/5
  3193 | D:5      | Entered Level 5 of the Dungeon
  3200 | D:5      | Reached skill level 5 in Maces & Flails
  3406 | D:5      | Noticed Eustachio
  3410 | D:5      | Killed Eustachio
  3411 | D:5      | Reached XP level 7. HP: 56/61 MP: 6/6
  3592 | D:5      | Reached skill level 6 in Maces & Flails
  3666 | D:5      | Found Wolevya's General Store.
  3672 | D:5      | Found Riumpun's Specific Store.
  3679 | D:5      | Bought a scroll of identify for 22 gold pieces
  3820 | D:5      | Reached XP level 8. HP: 70/70 MP: 7/7
  3875 | D:6      | Reached skill level 7 in Maces & Flails
  4632 | D:6      | Reached *** piety under Hepliaklqana
  4758 | D:6      | Found a sacrificial altar of Ru.
  4797 | D:6      | Noticed Sigmund
  4803 | D:6      | Killed Sigmund
  4963 | D:6      | Reached skill level 8 in Maces & Flails
  5024 | D:6      | Reached skill level 5 in Fighting
  5269 | D:6      | Noticed Prince Ribbit
  5275 | D:6      | Killed Prince Ribbit
  5276 | D:6      | Reached XP level 9. HP: 69/79 MP: 8/8
  5520 | D:7      | Found an ancient bone altar of Kikubaaqudgha.
  5853 | D:7      | Reached skill level 9 in Maces & Flails
  5853 | D:7      | Reached skill level 5 in Dodging
  5983 | D:7      | Reached **** piety under Hepliaklqana
  6976 | D:8      | Noticed an ice statue
  7133 | D:8      | Killed from afar by an ice statue

Illustrated notes

Levels and vault maps discovered:
D:1:      wheals_arrival_shading, layout_basic, chequers_ecumenical_altar_twisty
D:2:      layout_basic, basic_altar, supply_closet_lemuel
D:3:      layout_basic, mainiacjoe_overflow_brackets
D:4:      layout_loops_cross, minmay_temple_entry_statues_pillars
D:5:      layout_gridville, nicolae_specific_store, uniq_eustachio
D:6:      layout_basic, nicolae_ru_path_of_blood, minmay_ogre_servants,
          uniq_prince_ribbit1, uniq_sigmund
D:7:      layout_basic, lemuel_zombie_altar_kikubaaqudgha, hex_intersection
D:8:      minmay_statue_hallways, layout_basic
Temple:   dpeg_five_rooms_temple

Skill      XL: |  1  2  3  4  5  6  7  8  9 |
---------------+----------------------------+-----
Maces & Flails | 3 4 5 6 8 9 |  9.8
Fighting       | 3 4 5 |  5.7
Dodging        | 3 4 5 |  5.2
Stealth        | 2 |  2.3
Throwing       | |  0.2

Action                   |  1- 3 |  4- 6 |  7- 9 || total
-------------------------+-------+-------+-------++-------
Melee: Mace              |   121 |    67 |       ||   188
       Punch             |     2 |     1 |       ||     3
       Giant spiked club |       |    62 |   165 ||   227
Throw: Stone             |       |     7 |     1 ||     8
       Large rock        |       |       |     7 ||     7
Invok: Ancestor Life: Ba |       |     1 |       ||     1
  Use: Scroll            |       |     3 |     2 ||     5
 Stab: Sleeping          |     1 |     2 |     2 ||     5
       Distracted        |       |       |     1 ||     1
Armor: Robe              |    55 |    57 |    46 ||   158
Dodge: Dodged            |    70 |    92 |   150 ||   312
